 Dungeon Crawl Stone Soup version 0.32-a0-485-g70f7560b1c (webtiles) character file.

Game seed: 11360530678733062715

54562 croobank the Lord of Darkness (level 14, -7/77 HPs)
             Began as a Felid Summoner on Feb 26, 2024.
             Was the Champion of Kikubaaqudgha.
             Mangled by Nessos (9 damage)
             ... on level 5 of the Lair of Beasts on Feb 27, 2024.
             The game lasted 01:44:25 (24595 turns).

croobank the Lord of Darkness (Felid Summoner)     Turns: 24595, Time: 01:44:25

Health: -7/77      AC:  7    Str:  4    XL:     14   Next: 35%
Magic:  13/29      EV: 27    Int: 23    God:    Kikubaaqudgha [******]
Gold:   879        SH:  0    Dex: 24    Spells: 8/33 levels left
                                        Lives:  0   Deaths: 4

rFire   . . .        (weapon unavailable)
rCold   + . .        (shield unavailable)
rNeg    . . .        (body armour unavailable)
rPois   .            (helmet unavailable)
rElec   .            (cloak unavailable)
rCorr   .            (gloves unavailable)
SInv    +            (boots unavailable)
Will    ++...        (no amulet)
Stlth   +++++        h - +6 ring of dexterity
HPRegen 0.32/turn    l - +4 ring of protection
MPRegen 0.21/turn

%: no passive effects
@: attractive
A: very small, claws 1, fangs 3, see invisible, shaggy fur 3, stealthy paws, no
weapons or thrown items, no armour, multi-lived
a: Renounce Religion, Unearth Wretches, Torment


You were on level 5 of the Lair of Beasts.
You worshipped Kikubaaqudgha.
Kikubaaqudgha was exalted by your worship.
You visited 3 branches of the dungeon, and saw 17 of its levels.

You collected 879 gold pieces.

Inventory:

Jewellery
 f - a ring of ice
 h - a +6 ring of dexterity (left paw)
 j - a ring of positive energy
 l - a +4 ring of protection (right paw)
 r - a ring of poison resistance
 x - a ring of flight
Talismans
 n - a beast talisman
Wands
 a - a wand of polymorph (8)
 u - a wand of charming (4)
 w - a wand of flame (1)
Scrolls
 e - a scroll of noise
 i - a scroll of revelation
 o - 2 scrolls of identify
 v - a scroll of vulnerability
Potions
 b - 4 potions of curing
 g - 2 potions of mutation
 m - 3 potions of lignification
 q - 2 potions of attraction


   Skills:
 - Level 10.0 Fighting
 - Level 10.0 Dodging
 - Level 10.0 Stealth
 - Level 10.0 Spellcasting
 - Level 10.0 Summonings
 * Level 13.2 Necromancy
 - Level 5.0 Translocations
 - Level 5.0 Fire Magic
 - Level 7.0 Air Magic


You had 8 spell levels left.
You knew the following spells:

 Your Spells              Type           Power      Damage    Failure   Level
b - Call Imp              Summ           100%       N/A       1%          2
c - Call Canine Familiar  Summ           55%        N/A       1%          3
d - Summon Blazeheart Go  Fire/Summ      46%        N/A       2%          4
e - Summon Lightning Spi  Summ/Air       50%        N/A       1%          4
B - Blink                 Tloc           68%        N/A       1%          2
D - Death Channel         Necr           32%        N/A       3%          6
M - Martyr's Knell        Necr/Summ      60%        N/A       1%          4

Your spell library contained the following spells:

 Spells                   Type           Power      Damage    Failure   Level
 Kiss of Death            Conj/Necr      100%       2d13      1%          1
 Necrotise                Necr           100%       1d9       1%          1
 Shock                    Conj/Air       100%       1d9       1%          1
 Summon Small Mammal      Summ           100%       N/A       1%          1
 Cigotuvi's Dreadful Rot  Necr/Alch/Air  84%        N/A       1%          2
 Sublimation of Blood     Necr           64%        N/A       1%          2
 Fugue of the Fallen      Necr           64%        N/A       1%          3
 Swiftness                Air            43%        N/A       1%          3
 Vampiric Draining        Necr           64%        2d10      1%          3
 Dispel Undead            Necr           64%        3d22      1%          4
 Curse of Agony           Necr           64%        N/A       1%          5
 Airstrike                Air            21%        2d(4-20)  3%          4
 Magic Dart               Conj           44%        1d5       5%          1
 Inner Flame              Hex/Fire       23%        N/A       6%          3
 Borgnjor's Vile Clutch   Necr/Erth      21%        N/A       11%         5
 Confusing Touch          Hex            11%        N/A       17%         3
 Frozen Ramparts          Ice            22%        1d4       17%         3
 Flame Wave               Conj/Fire      23%        2d8       21%         4
 Sticky Flame             Fire/Alch      23%        2d6       21%         4
 Haunt                    Necr/Summ      30%        N/A       38%         7
 Leda's Liquefaction      Alch/Erth      5%         N/A       50%         4
 Petrify                  Alch/Erth      11%        N/A       50%         4
 Summon Hydra             Summ           27%        N/A       61%         7
 Metabolic Englaciation   Hex/Ice        5%         N/A       83%         5
 Borgnjor's Revivificati  Necr           32%        N/A       85%         8
 Infestation              Necr           32%        N/A       85%         8
 Death's Door             Necr           32%        N/A       100%        9


Dungeon Overview and Level Annotations

Branches:
Dungeon (11/15)            Temple (1/1) D:4            Lair (5/5) D:11
  Swamp (0/4) Lair:2        Snake (0/4) Lair:2        Slime (0/5) Lair:4
    Orc (0/2) D:10

Altars:
Ashenzari
Cheibriados
Dithmenos
Elyvilon
Fedhas
Gozag
Hepliaklqana
Kikubaaqudgha
Makhleb
Nemelex Xobeh
Okawaru
Qazlal
Ru
Sif Muna
Trog
Uskayaw
Vehumet
Wu Jian
Xom
Yredelemnul
Zin
The Shining One
Beogh
Jiyva

Shops:
D:5 *

Annotations:
Lair:5 Nessos


Innate Abilities, Weirdness & Mutations

You have sharp claws.
You have razor-sharp teeth.
You have supernaturally acute eyesight. (SInv)
Your thick and shaggy fur keeps you warm. (AC +3, rC+)
Your paws help you pounce on unaware monsters.
You are incapable of wielding weapons or throwing items.
You cannot wear armour.
You gain extra lives every three experience levels.


Message History

The skyshark tail-slaps you! The skyshark completely misses you.
Your blazeheart golem punches Nessos!!
Nessos shoots an arrow.
The arrow hits your blazeheart golem!
Your blazeheart golem falls apart, revealing its core!
Nessos zaps a wand.
The bolt of dispelling energy misses your blazeheart core.
The bolt of dispelling energy misses you.
Nessos shoots an arrow.
The arrow misses your blazeheart core.
The arrow closely misses the skyshark.
The arrow completely misses you.
Your blazeheart core explodes!
The fiery explosion engulfs Nessos!!
The fiery explosion engulfs the skyshark!!
Nessos is engulfed in blazing flames.
Nessos casts a spell.
Nessos blinks!
The skyshark is engulfed in blazing flames.
The skyshark closely misses you. The skyshark tail-slaps you!
The skyshark tail-slaps you.
Casting: Summon Blazeheart Golem (dangerous; 2% risk of failure)
Confirm with . or Enter, or press ? or * to list all spells.
A fiery spirit appears, bound in slag iron.
Nessos zaps a wand.
The bolt of dispelling energy misses you.
Nessos unwields a +1 longbow of flaming.
It stops flaming.
Nessos misses you. Nessos closely misses you.
The skyshark is engulfed in blazing flames.
The skyshark bites you!!
* * * LOW HITPOINT WARNING * * *
The skyshark enters a blood-rage!
The skyshark barely misses you. The skyshark misses you.
Unknown command.
Casting: Summon Blazeheart Golem (dangerous; 2% risk of failure)
Confirm with . or Enter, or press ? or * to list all spells.
You call forth a shade to shield your allies.
Nessos closely misses you. Nessos completely misses you.
The skyshark is engulfed in blazing flames.
The skyshark completely misses you. The skyshark misses you. x2
Nessos hits you!
You die...
Kikubaaqudgha rasps: You have failed me!
Welcome... death!

##P. ......... .#...
#P... #........
........P..###........
....F.................
..... #...P..........
##...## #..#$9.......
#.....#####...c......
.#.#....#†..##F@.......
.....§......○°W........
#[.#...####°°○###...##
#...# ##### ### #####


You could see a skyshark (berserk, ally target), Nessos (fast, ally target), a
friendly martyred shade (summoned) and a friendly blazeheart golem (summoned,
sheltered).

Vanquished Creatures
  2 hydras
  3 two-headed ogres
  A catoblepas (Lair:4)
  12 death yaks
  A lindwurm (Lair:4)
  Pikel (D:7)
  A necromancer (Lair:3)
  3 black mambas (Lair:2)
  4 elephants (Lair:3)
  A torpor snail (Lair:4)
  A molten gargoyle (Lair:5)
  11 cane toads
  A rime drake (Lair:5)
  Jeremiah (D:7)
  14 komodo dragons
  An unseen horror (D:11)
  A troll (D:11)
  A tyrant leech (Lair:2)
  3 hornets
  Prince Ribbit (D:7)
  5 blink frogs
  A polar bear (Lair:3)
  6 wyverns
  24 yaks
  3 basilisks
  5 swamp worms
  Menkaure (D:4)
  7 water moccasins
  2 orc warriors
  An ogre (D:5)
  8 wolves
  2 centaurs
  2 lemures (D:7)
  A nameless horror (D:7)
  2 kobold brigands
  6 bullfrogs
  5 wights
  4 killer bees
  8 electric eels
  2 howler monkeys
  A gnoll bouda (D:6)
  A basilisk zombie (Lair:3)
  2 orc priests
  2 gnolls
  2 adders
  An ufetubus (D:7)
  A ribbon worm (D:2)
  8 orcs
  An endoplasm (D:1)
  A giant cockroach (D:1)
  2 goblins
  2 hobgoblins
  A quokka (D:1)
  2 ball pythons
  3 bats
  4 kobolds
  A rat (D:1)
  A butterfly (Lair:1)
195 creatures vanquished.

Vanquished Creatures (collateral kills)
  A hydra (Lair:2)
  A catoblepas (Lair:1)
  2 boulder beetles (Lair:3)
  4 death yaks
  Nergalle (D:10)
  4 elephants
  2 black mambas (Lair:2)
  5 cane toads
  An unseen horror (D:10)
  3 rime drakes
  2 komodo dragons
  12 blink frogs
  Sigmund (D:4)
  2 wyverns
  2 basilisks
  12 yaks
  A steam dragon (D:6)
  A swamp worm (Lair:2)
  2 acid dragons
  3 hell hounds (Lair:5)
  6 orc warriors (D:10)
  2 water moccasins (Lair:2)
  A sky beast (D:7)
  2 black bears
  2 elephant zombies (Lair:3)
  3 ice beasts
  3 ogres
  7 wolves
  2 centaurs
  2 lemures (D:7)
  A phantom (D:6)
  2 kobold brigands
  A komodo dragon zombie (Lair:3)
  10 bullfrogs
  2 gnoll sergeants
  8 wights (D:8)
  2 scorpions
  A howler monkey (D:7)
  3 killer bees
  2 nameless horrors
  A crimson imp (D:8)
  5 hounds
  11 orc priests
  2 bombardier beetles
  A gnoll bouda (D:5)
  A jelly (D:5)
  A sleepcap (D:7)
  3 iguanas
  7 orc wizards
  6 hell rats (Lair:4)
  Robin (D:2)
  5 adders
  18 gnolls
  A shadow imp (D:7)
  13 white imps
  An ufetubus (D:7)
  A ribbon worm (D:5)
  2 dart slugs (D:1)
  47 orcs
  7 endoplasms
  A giant cockroach (D:4)
  12 goblins
  8 hobgoblins
  6 jackals
  4 quokkas
  6 ball pythons
  8 bats
  4 frilled lizards
  A goblin skeleton (D:8)
  4 hobgoblin zombies (D:8)
  16 kobolds
  2 kobold skeletons (D:8)
  22 rats
352 creatures vanquished.

Vanquished Creatures (others)
  A dream sheep (Lair:5)
  2 ufetubi (D:6)
  An orc (D:10)
  122 blazeheart cores
126 creatures vanquished.

Grand Total: 673 creatures vanquished

Notes
Turn   | Place    | Note
-------+----------+-------------------------------------------
     0 | D:1      | croobank the Felid Summoner began the quest for the Orb.
     0 | D:1      | Reached XP level 1. HP: 9/9 MP: 4/4
   425 | D:1      | Reached XP level 2. HP: 9/13 MP: 4/6
   428 | D:1      | Learned a level 2 spell: Call Imp
  1085 | D:1      | Reached XP level 3. HP: 16/16 MP: 4/7
  1089 | D:1      | Learned a level 3 spell: Call Canine Familiar
  1888 | D:2      | Noticed Robin
  1914 | D:2      | Killed Robin
  1923 | D:2      | Reached XP level 4. HP: 21/21 MP: 3/9
  1923 | D:2      | Gained a life (2 lives remaining)
  2845 | D:3      | Reached skill level 1 in Fighting
  2929 | D:3      | Found the +7 Kryia's mail coat {PotionHeal*2 rC+}
  3007 | D:3      | Reached XP level 5. HP: 25/25 MP: 4/10
  3012 | D:3      | Learned a level 4 spell: Summon Blazeheart Golem
  3488 | D:3      | Found a glowing silver altar of Zin.
  4093 | D:4      | Noticed Sigmund
  4100 | D:4      | Noticed an ogre
  4118 | D:4      | Killed an ogre
  4119 | D:4      | Reached skill level 1 in Fire Magic
  4119 | D:4      | Gained mutation: You are covered in thick fur. (AC +2)
                  | [Felid growth]
  4119 | D:4      | Reached XP level 6. HP: 30/30 MP: 0/11
  4152 | D:5      | Entered Level 5 of the Dungeon
  4191 | D:5      | Noticed an ice beast
  4285 | D:5      | Killed an ice beast
  4701 | D:5      | Reached skill level 5 in Stealth
  4701 | D:5      | Reached skill level 5 in Summonings
  4701 | D:5      | Reached XP level 7. HP: 35/35 MP: 4/13
  4838 | D:5      | Found Gozag's Platinum Reserve.
  4850 | D:4      | Noticed Menkaure
  4860 | D:4      | Killed Menkaure
  4944 | D:4      | Found a staircase to the Ecumenical Temple.
  4964 | D:4      | Reached skill level 5 in Dodging
  4998 | Temple   | Entered the Ecumenical Temple
  5541 | D:4      | Killed Sigmund
  5542 | D:4      | Reached XP level 8. HP: 40/42 MP: 10/14
  5547 | D:4      | Learned a level 4 spell: Summon Lightning Spire
  5955 | D:5      | Found an opulent altar of Gozag.
  6078 | D:5      | Found a white marble altar of Elyvilon.
  6359 | D:6      | Killed from afar by a steam dragon
  6359 | D:6      | Lost a life (1 life remaining)
  6716 | D:6      | Reached skill level 1 in Air Magic
  6922 | D:6      | Found a stormy altar of Qazlal.
  7600 | D:6      | Reached skill level 5 in Fighting
  7953 | D:7      | Noticed Jeremiah
  8016 | D:7      | Killed Jeremiah
  8017 | D:7      | Reached XP level 9. HP: 17/47 MP: 2/16
  8017 | D:7      | Gained a life (2 lives remaining)
  8018 | D:7      | Killed by an exploding wight... ignited by their inner
                  | flame
  8018 | D:7      | Lost a life (1 life remaining)
  8190 | D:7      | Reached skill level 5 in Fire Magic
  8216 | D:7      | Found an ancient bone altar of Kikubaaqudgha.
  8227 | D:7      | Became a worshipper of Kikubaaqudgha
  8816 | D:7      | Found an ornate altar of the Wu Jian Council.
  8816 | D:7      | Noticed Prince Ribbit
  8838 | D:7      | Killed Prince Ribbit
  8839 | D:7      | Reached skill level 5 in Spellcasting
  8929 | D:7      | Noticed Pikel
  8978 | D:7      | Killed Pikel
  9496 | D:7      | Found a blossoming altar of Fedhas.
  9680 | D:8      | Reached XP level 10. HP: 53/53 MP: 8/18
  9680 | D:8      | Gained a life (2 lives remaining)
  9785 | D:8      | Reached * piety under Kikubaaqudgha
  9785 | D:8      | Received a gift from Kikubaaqudgha
 11209 | D:8      | Found a glowing golden altar of the Shining One.
 11210 | D:8      | Reached ** piety under Kikubaaqudgha
 11644 | D:8      | Found a bloodstained altar of Trog.
 12299 | D:9      | Found a shadowy altar of Dithmenos.
 12374 | D:9      | Found a hide-covered altar of Uskayaw.
 12375 | D:9      | Noticed a +0 hand axe
 12375 | D:9      | Noticed a +0 dagger
 12711 | D:9      | Reached XP level 11. HP: 60/60 MP: 18/21
 13488 | D:10     | Entered Level 10 of the Dungeon
 13670 | D:10     | Reached skill level 10 in Stealth
 13794 | D:10     | Noticed a two-headed ogre
 13809 | D:10     | Killed a two-headed ogre
 14090 | D:10     | Noticed a two-headed ogre
 14092 | D:10     | Found a roughly hewn altar of Beogh.
 14103 | D:10     | Killed a two-headed ogre
 14104 | D:10     | Reached skill level 5 in Air Magic
 14155 | D:10     | Reached *** piety under Kikubaaqudgha
 14155 | D:10     | Received a gift from Kikubaaqudgha
 14291 | D:10     | Noticed Nergalle
 14302 | D:10     | Killed Nergalle
 14303 | D:10     | Reached skill level 1 in Necromancy
 14583 | D:10     | Found a staircase to the Orcish Mines.
 15435 | D:11     | Noticed a two-headed ogre
 15453 | D:11     | Killed a two-headed ogre
 15454 | D:11     | Reached skill level 2 in Necromancy
 15474 | D:11     | Reached skill level 10 in Dodging
 15583 | D:11     | Noticed a death yak
 15586 | D:11     | Noticed a death yak
 15596 | D:11     | Killed a death yak
 15757 | D:11     | Reached skill level 3 in Necromancy
 16206 | D:11     | Killed a death yak
 16207 | D:11     | Reached skill level 10 in Fighting
 16207 | D:11     | Gained mutation: Your thick and shaggy fur keeps you warm.
                  | (AC +3, rC+) [Felid growth]
 16207 | D:11     | Reached XP level 12. HP: 67/67 MP: 16/23
 16264 | D:11     | Reached **** piety under Kikubaaqudgha
 16440 | D:11     | Reached skill level 4 in Necromancy
 16440 | D:11     | Reached skill level 1 in Translocations
 16492 | D:11     | Found a staircase to the Lair.
 16764 | D:11     | Learned a level 2 spell: Blink
 16771 | Lair:1   | Entered Level 1 of the Lair of Beasts
 17426 | Lair:1   | Noticed a catoblepas
 17445 | Lair:1   | Killed a catoblepas
 17446 | Lair:1   | Reached skill level 5 in Necromancy
 18118 | Lair:2   | Found a staircase to the Snake Pit.
 18302 | Lair:2   | Reached skill level 6 in Necromancy
 18476 | Lair:2   | Noticed a five-headed hydra
 18498 | Lair:2   | Killed a five-headed hydra
 18655 | Lair:2   | Noticed a death yak
 18655 | Lair:2   | Noticed a death yak
 18662 | Lair:2   | Learned a level 4 spell: Martyr's Knell
 18663 | Lair:2   | Noticed a death yak
 18685 | Lair:2   | Noticed a death yak
 18702 | Lair:2   | Killed a death yak
 18703 | Lair:2   | Reached skill level 5 in Translocations
 18707 | Lair:2   | Killed a death yak
 18708 | Lair:2   | Killed a death yak
 18709 | Lair:2   | Killed a death yak
 18710 | Lair:2   | Reached skill level 7 in Necromancy
 19060 | Lair:2   | Reached XP level 13. HP: 72/72 MP: 4/26
 19466 | Lair:2   | Reached ***** piety under Kikubaaqudgha
 19632 | Lair:2   | Reached skill level 8 in Necromancy
 20018 | Lair:2   | Found a staircase to the Swamp.
 20183 | Lair:3   | HP: 3/72 [spore (31)]
 20457 | Lair:3   | Reached skill level 10 in Summonings
 20643 | Lair:3   | Reached skill level 9 in Necromancy
 21032 | Lair:3   | Reached skill level 10 in Necromancy
 22364 | Lair:4   | Reached skill level 11 in Necromancy
 22966 | Lair:4   | Reached skill level 10 in Spellcasting
 22975 | Lair:4   | Reached XP level 14. HP: 76/77 MP: 11/29
 23417 | Lair:4   | Reached skill level 12 in Necromancy
 23608 | Lair:4   | Found a staircase to the Slime Pits.
 23608 | Lair:4   | Found a viscous altar of Jiyva.
 23771 | Lair:5   | Entered Level 5 of the Lair of Beasts
 23925 | Lair:5   | HP: 2/77 [cane toad (20)]
 24494 | Lair:5   | Learned a level 6 spell: Death Channel
 24523 | Lair:5   | Reached ****** piety under Kikubaaqudgha
 24524 | Lair:5   | Reached skill level 13 in Necromancy
 24542 | Lair:5   | Received a gift from Kikubaaqudgha (forbidden knowledge)
 24546 | Lair:5   | Killed by an exploding molten gargoyle... ignited by their
                  | inner flame
 24546 | Lair:5   | Lost a life (1 life remaining)
 24563 | Lair:5   | Killed from afar by a lindwurm
 24563 | Lair:5   | Lost a life (0 lives remaining)
 24584 | Lair:5   | Noticed Nessos
 24594 | Lair:5   | HP: 1/77 [skyshark (26)]
 24595 | Lair:5   | Mangled by Nessos

Illustrated notes

Levels and vault maps discovered:
D:1:      scummos_arrival_simple_fountains, layout_basic
D:2:      layout_basic, minmay_rat_hole, uniq_robin
D:3:      minmay_door_path, layout_loops_ring, mainiacjoe_overflow_alcove_4,
          dk_noncrumbling_4
D:4:      layout_basic, minmay_temple_entry_statues_fountains,
          minmay_diced_spiral, uniq_sigmund, uniq_menkaure
D:5:      layout_basic, nicolae_gozag_zags_fifth_avenue, elyvilon_altar_5
D:6:      layout_layer_cave, nicolae_qazlal_general_emergency
D:7:      layout_loops_ring, nicolae_wu_jian_glorious_leap,
          general_overflow_altar, kiku_gazebo_garden_becter, grunt_tough_drop,
          uniq_pikel, uniq_prince_ribbit1, uniq_jeremiah
D:8:      minmay_four_partial_circles, layout_loops_ring, kennysheep_mini_moat,
          nicolae_tso_besieged_by_evil, worms_lemuel
D:9:      layout_small_grid, overflow_temple_1_default, dancing_weapons_uskayaw,
          st_stairs_5, minmay_misc_feat_x
D:10:     layout_basic, erik_orc_2, special_room [special_room_orc],
          kennysheep_generic_room_7, uniq_nergalle
D:11:     layout_irregular_city, dpeg_lair_monsters, portal_ice_cave_entry_imps
Temple:   minmay_freezing_vapour_temple
Lair:1:   layout_gridlike, hangedman_lair_unloving_vines,
          infiniplex_staircase_pool, lemuel_fruit_fields
Lair:2:   layout_loops_ring, palyth_hydra_swamp_entry,
          minmay_snake_entry_six_corridors, grunt_megastairs_4
Lair:3:   pond_and_an_island_with_a_cottage, layout_regular_city,
          nzn_sisyphean_effort, serial_bayou_shore_b, grunt_megastairs_2
Lair:4:   layout_cave_pods, slime_entry_1
Lair:5:   cheibrodos_lair_end_hotspot, layout_regular_city, uniq_nessos

Skill      XL: |  1  2  3  4  5  6  7  8  9 10 11 12 13 14 |
---------------+-------------------------------------------+-----
Stealth        | 3 4 5 6 8 9 10 | 10.0
Dodging        | 3 4 5 6 7 8 10 | 10.0
Fighting       | 1 2 4 5 6 8 10 | 10.0
Spellcasting   | 3 4 5 6 7 8 10 | 10.0
Fire Magic     | 1 2 3 4 5 |  5.0
Summonings     | 5 6 7 8 9 10 | 10.0
Air Magic      | 1 3 4 5 7 |  7.0
Necromancy     | 3 7 11 13 | 13.2
Translocations | 5 |  5.0

Action                     |  1- 3 |  4- 6 |  7- 9 | 10-12 | 13-15 || total
---------------------------+-------+-------+-------+-------+-------++-------
  Melee: Unarmed           |    25 |    20 |    61 |    66 |    40 ||   212
         Bite              |     2 |     2 |    11 |    12 |     7 ||    34
         Punch             |     1 |       |       |       |     1 ||     2
   Cast: Summon Small Mamm |    49 |    32 |    27 |     4 |       ||   112
         Call Imp          |    14 |    23 |    24 |    11 |     6 ||    78
         Call Canine Famil |     2 |    11 |    21 |    16 |     5 ||    55
         Summon Blazeheart |       |     4 |    28 |    92 |    71 ||   195
         Summon Lightning  |       |       |    17 |    52 |    41 ||   110
         Martyr's Knell    |       |       |       |     6 |     3 ||     9
         Blink             |       |       |       |       |     4 ||     4
 Invoke: Receive Forbidden |       |       |       |       |     1 ||     1
  Evoke: Wand              |       |       |       |    18 |     5 ||    23
    Use: Scroll            |       |     6 |     9 |    18 |     8 ||    41
         Potion            |       |       |     4 |     2 |    10 ||    16
   Stab: Sleeping          |     4 |     4 |     2 |     2 |       ||    12
         Distracted        |       |       |     1 |     1 |     3 ||     5
 Armour: Skin              |    10 |    13 |    50 |    70 |    90 ||   233
  Dodge: Dodged            |    43 |    35 |   203 |   248 |   274 ||   803

Table legend: (Time is in decaauts)
 A = Elapsed time spent in this place.
 B = Non-inter-level travel time spent in this place.
 C = Inter-level travel time spent in this place.
 D = Time resting spent in this place.
 E = Time spent auto-exploring this place.
 F = Levels seen in this place.
 G = Mean time per level.
                   A        B        C        D        E       F      G
               +--------+--------+--------+--------+--------+-----+--------+
         Total |  24669 |  23870 |    799 |   6467 |  11678 |  17 | 1451.1 |
       Dungeon |  16812 |  16138 |    674 |   3623 |   8532 |  11 | 1528.4 |
        Temple |      1 |      1 |      0 |      0 |      0 |   1 |    1.0 |
          Lair |   7855 |   7731 |    124 |   2844 |   3145 |   5 | 1571.0 |
               +--------+--------+--------+--------+--------+-----+--------+

Top non-repeatable levels by time:
     D:7: 2535 daAuts
  Lair:2: 2148 daAuts
  Lair:3: 2046 daAuts
    D:10: 1939 daAuts
  Lair:4: 1721 daAuts
     D:6: 1690 daAuts
     D:8: 1597 daAuts
     D:1: 1427 daAuts
     D:3: 1379 daAuts
    D:11: 1354 daAuts
     D:9: 1261 daAuts
     D:4: 1257 daAuts
     D:2: 1254 daAuts
  Lair:1: 1233 daAuts
     D:5: 1115 daAuts
